Get step-by-step instructions on how to execute this build order below. Start the game timer, and the build order will tick by so you can play in parallel with StarCraft on a second screen or mobile device.

Game Time

  0:00

Last Step

  N/A

Next Step

Upcoming Step



Don't want to look back and forth between 2 screens? Try out our Overwolf App, the Spawning Tool Build Advisor to get an in-game overlay with this build!

Complete Build Order

  12  0:01  SCV  
  13  0:13  SCV  
  14  0:17  Supply Depot  
  14  0:25  SCV  
  15  0:39  SCV  
  15  0:40  Barracks  
  16  0:43  Refinery  
  16  0:51  SCV  
  17  1:00  Barracks  
  17  1:03  SCV  
  18  1:15  SCV  
  19  1:19  Barracks  
  19  1:27  Reaper  
  20  1:35  Orbital Command  
  20  1:44  Refinery  
  20  1:47  Reaper  
  20  1:52  Supply Depot  
  21  2:00  SCV  
  22  2:04  Reaper  
  23  2:14  SCV  
  23  2:15  Reaper  
  25  2:24  Reaper  
  25  2:26  SCV  
  27  2:39  Reaper  
  28  2:45  Command Center  
  28  2:50  Reaper  
  29  2:51  SCV  
  29  2:53  Supply Depot  
  30  3:10  Reaper  
  31  3:15  Reaper  
  32  3:25  SCV  
  32  3:29  Command Center, Reaper  
  29  3:59  Marine x2  
  31  4:15  Marine  
  31  4:16  Orbital Command  
  31  4:17  Marine  
  31  4:21  Factory  
  31  4:25  SCV  
  31  4:31  Engineering Bay x2  
  32  4:32  Barracks Tech Lab  
  32  4:34  Barracks Reactor  
  32  4:38  SCV  
  32  5:02  Barracks Reactor  
  32  5:03  Marauder, Orbital Command  
  33  5:16  Marine x2  
  33  5:18  Factory Reactor, Starport  
  35  5:22  SCV x2  
  35  5:27  Terran Infantry Weapons Level 1, Terran Infantry Armor Level 1  
  37  5:31  Orbital Command  
  37  5:36  SCV x2  
  37  5:42  Marine x5  
  43  5:48  SCV x2  
  41  5:59  Marine  
  41  6:00  Marine x2  
  42  6:07  Barracks  
  42  6:08  Marine x2  
  44  6:17  Marine  
  45  6:21  Marine x2  
  45  6:25  Medivac x2  
  49  6:26  Marine x2  
  53  6:35  Marine  
  54  7:01  Barracks Tech Lab  
  44  7:08  Orbital Command  
  39  7:25  Bunker  
  39  7:27  Supply Depot  
  39  7:31  Liberator  
  39  7:35  Supply Depot  
  39  7:48  Marine x4  
  46  7:52  SCV, Stimpack  
  46  7:56  SCV, Marine  
  48  8:03  Supply Depot, Refinery  
  48  8:04  SCV, Refinery  
  49  8:06  Marine x4  
  49  8:08  SCV  
  54  8:25  Siege Tank, Marine x4  
  61  8:27  Command Center, Marine  
  61  8:33  Supply Depot  
  62  8:34  Supply Depot  
  62  8:40  Armory  
  62  8:55  SCV x2, Marine x5  
  68  9:10  Medivac x2  
  68  9:12  SCV  
  68  9:13  SCV, Marine x4  
  78  9:18  Supply Depot  
  78  9:20  Supply Depot  
  78  9:39  SCV, Siege Tank, Marine x4  
  78  9:44  Orbital Command  
  86  9:53  Combat Shields  
  86  9:57  SCV x2  
  88  10:07  Marine  
  88  10:08  Terran Infantry Weapons Level 2, Marine  
  88  10:09  Terran Infantry Armor Level 2  
  88  10:13  Orbital Command  
  90  10:15  Marine  
  90  10:16  Marine  
  90  10:17  Marine  
  90  10:18  Siege Tank  
  90  10:21  SCV x2  
  92  10:48  Marine  
  92  10:49  Marine x4  
  92  10:50  Siege Tank  
  92  10:51  Medivac x2  
  92  10:54  SCV, Barracks  
  92  10:55  SCV x2, Barracks  
  102  11:06  Marine x4  
  102  11:07  SCV  
  107  11:14  Bunker  
  107  11:15  SCV x2  
  109  11:20  Command Center  
  109  11:41  Refinery  
  109  11:42  Refinery  
  109  11:43  Supply Depot  
  109  11:44  Barracks Reactor, Barracks Tech Lab  
  109  11:46  Supply Depot  
  109  11:47  Supply Depot, Marine x5, Liberator x2  
  109  11:48  SCV x3  
  107  12:00  SCV x2  
  109  12:03  Command Center  
  109  12:04  Thor, SCV  
  109  12:05  Marine  
  107  12:16  SCV  
  107  12:17  SCV x2  
  107  12:20  Missile Turret  
  107  12:22  Missile Turret  
  110  12:27  Marine  
  110  12:28  Marine x3  
  85  12:49  Marine x4  
  77  12:56  Command Center  
  74  13:05  Marine  
  74  13:06  Marine x3  
  74  13:07  Thor, Medivac x2, Marine  
  74  13:08  Marine x2  
  88  13:22  SCV x2  
  88  13:25  Orbital Command  
  90  13:30  Marine  
  90  13:34  SCV x2  
  93  13:50  Marauder, Marine x4  
  93  13:51  Marauder, Marine x2  
  93  13:53  Terran Infantry Weapons Level 3  
  103  13:57  SCV x2  
  103  14:01  SCV  
  103  14:02  Planetary Fortress  
  106  14:08  Marine  
  107  14:11  Orbital Command  
  107  14:13  SCV  
  107  14:14  SCV x2  
  110  14:17  Terran Infantry Armor Level 3  
  110  14:25  SCV  
  110  14:26  SCV  
  105  14:45  Marine x2  
  107  14:46  Marine x5, Marauder  
  107  14:47  Thor  
  107  14:48  Medivac x2  
  107  14:49  SCV x2  
  107  14:51  SCV  
  107  14:52  SCV  
  128  15:03  Marine x3  
  131  15:08  Liberator x2  
  123  15:22  Marine x2  
  123  15:23  Marauder, Marine x5  
  123  15:26  SCV x3  
  123  15:27  SCV  
  125  15:30  Thor  
  126  15:39  SCV  
  126  15:40  SCV x3, Marine x2  
  132  15:45  Missile Turret  
  132  15:48  Marine  
  132  15:49  Marine  
  134  15:57  SCV x4  
  138  16:08  Missile Turret  
  138  16:09  SCV x2  
  140  16:12  Marine x4  
  140  16:13  Marine  
  145  16:35  Marine x3  
  145  16:37  Supply Depot  
  145  16:38  Supply Depot x2  
  148  16:49  Command Center  
  148  16:52  Supply Depot  
  148  16:55  Supply Depot  
  148  16:58  Marine x6  
  148  16:59  Marauder  
  156  17:02  Liberator x2  
  133  17:17  Marauder  
  133  17:18  Marine x6  
  133  17:20  Marauder  
  133  17:21  SCV x2  
  151  17:35  Marine  
  151  17:36  Marine  
  153  17:37  Thor  
  153  17:38  Marauder  
  153  17:41  Terran Vehicle And Ship Armor Level 1  
  153  17:42  Marauder  
  153  17:43  Orbital Command  
  163  18:01  Missile Turret  
  163  18:04  Marine, Marauder x2  
  163  18:05  Marine x4  
  171  18:06  Missile Turret, Medivac x2  
  176  18:14  Bunker  
  176  18:19  SCV x2, Refinery x2  
  179  18:20  SCV x2, Thor  
  179  18:25  Marauder x2  
  179  18:26  Planetary Fortress  
  190  18:32  SCV x3  
  190  18:33  SCV  
  194  18:44  SCV  
  194  18:47  Medivac x2  
  195  19:16  Missile Turret x2  
  81  19:54  Thor, Marine x6, Marauder x2  
  81  19:55  Medivac x2  
  81  19:58  SCV x4  
  102  20:01  Refinery  
  102  20:03  Refinery  
  102  20:09  Command Center  
  102  20:10  Command Center, SCV x2  
  102  20:12  Marine x2  
  102  20:13  Barracks  
  106  20:15  SCV x2, Barracks x2, Marauder x2  
  106  20:19  Marine x4  
  116  20:22  SCV